 Dungeon Crawl Stone Soup version 0.24-a0-355-gbe4061de67 (console) character file.

Game seed: 3470232199033141311

18 Voker57 the Skirmisher (level 2, 0/24 HPs)
             Began as a Demonspawn Monk on May 24, 2019.
             Succumbed to an adder's poison
             ... on level 2 of the Dungeon.
             The game lasted 00:01:17 (667 turns).

Voker57 the Skirmisher (Demonspawn Monk)             Turns: 667, Time: 00:01:17

Health: 0/24       AC:  2    Str: 10 (11) XL:     2   Next: 51%
Magic:  1/1        EV: 13    Int:  6 (9)  God:
Gold:   22         SH:  4    Dex: 12 (15) Spells: 1/1 levels left

rFire    . . .     SeeInvis .   a - +1 dagger (freeze)
rCold    . . .     Gourm    .   (no shield)
rNeg     . . .     Faith    .   b - +0 robe
rPois    .         Spirit   .   (helmet restricted)
rElec    .         Reflect  .   (no cloak)
rCorr    .         Harm     .   (no gloves)
MR       .....     Clarity  +   (no boots)
Stlth    ++........             (no amulet)
HPRegen  0.08/turn              (no ring)
MPRegen  0.07/turn              (no ring)

@: lethally poisoned (0 -> -9)
A: horns 1, large bone plates 1, clarity, dopey 1, low mp 1
a: no special abilities


You were on level 2 of the Dungeon.
You were not hungry.

You visited 1 branch of the dungeon, and saw 2 of its levels.

You collected 22 gold pieces.

Inventory:

Hand Weapons
 a - a +1 dagger of freezing (weapon)
 e - a +0 falchion
 g - a +0 dagger of draining
Missiles
 f - 8 poisoned darts (quivered)
Armour
 b - a +0 robe (worn)
Scrolls
 i - a scroll of identify {unknown}
Comestibles
 c - 5 rations


   Skills:
 + Level 3.4 Fighting
 - Level 2.6 Long Blades
 + Level 3.1 Dodging
 - Level 1.7 Stealth


You had one spell level left.
You didn't know any spells.
Your spell library was empty.

Dungeon Overview and Level Annotations

Branches:
Dungeon (1/15)

Altars:

Annotations:
D:2 Terence


Innate Abilities, Weirdness & Mutations

You are partially covered in large bone plates. (SH +4)
You have a pair of small horns on your head.
You possess an exceptional clarity of mind.
You are dopey. (Int -2)
Your magical capacity is low. (-10% MP)


Message History

It was a potion of mutation.
You feel extremely strange. A pair of horns grows on your head!
You feel less energetic.
You feel stupid.
Your thoughts seem clearer.
* * * LOW HITPOINT WARNING * * *
You feel sick. The adder bites you.
* * * LOW HITPOINT WARNING * * *
You are more poisoned.
The adder poisons you!
As you read the scroll labeled POSEIG YCVE, it crumbles to dust.
You assume a fearsome visage.
Terence looks frightened!
The worm looks frightened!
The rat looks frightened!
The adder looks frightened!
It was a scroll of fear.
Terence almost stumbles in trying to escape.
Okay, then.
* * * LOW HITPOINT WARNING * * *
You feel sick.
A hobgoblin comes into view.
* * * LOW HITPOINT WARNING * * *
You feel sick.
Found a grey potion.
You die...

...# ...# .#. ..
...# ^. .( ##g..#
[... #....# .
##.#. #....#
..#....######.>..#
8...8..#.....@<.>#
#w...#.#########
#.@.!.....#
###.###.... #...#
$# ###.# #.# #.#
#############.#
..............#


You could see a hobgoblin (sleeping).

Vanquished Creatures
  A ball python (D:1)
  2 giant cockroaches (D:1)
  3 goblins (D:1)
  4 hobgoblins (D:1)
  A bat (D:1)
  2 frilled lizards (D:2)
  3 kobolds (D:1)
  A rat (D:1)
17 creatures vanquished.

Notes
Turn   | Place    | Note
-------+----------+-------------------------------------------
     0 | D:1      | Voker57 the Demonspawn Monk began the quest for the Orb.
     0 | D:1      | Reached XP level 1. HP: 18/18 MP: 1/1
   149 | D:1      | Gained mutation: You are partially covered in large bone
                  | plates. (SH +4) [demonic ancestry]
   149 | D:1      | Reached XP level 2. HP: 18/24 MP: 2/2
   513 | D:1      | You fall into a shaft and drop 1 floor!
   643 | D:2      | Noticed Terence
   663 | D:2      | Gained mutation: You have a pair of small horns on your
                  | head. [potion of mutation]
   663 | D:2      | Gained mutation: Your magical capacity is low. (-10% MP)
                  | [potion of mutation]
   663 | D:2      | Gained mutation: You are dopey. (Int -2) [potion of
                  | mutation]
   663 | D:2      | Gained mutation: You possess an exceptional clarity of
                  | mind. [potion of mutation]
   666 | D:2      | HP: 1/24 [poisoned by an adder]
   667 | D:2      | Succumbed to an adder's poison

Levels and vault maps discovered:
D:1:      minmay_arrival_wavy_path, layout_basic
D:2:      layout_basic, first_ration, minmay_misc_feat_four_crosses,
          uniq_terence

Skill      XL: |  1 |
---------------+----+-----
Dodging        | 3 |  3.1
Fighting       | |  3.4
Long Blades    | |  2.6
Stealth        | |  1.7

Action                   || total
-------------------------++-------
Melee: Falchion          ||    15
       Dagger            ||    38
  Use: Potion            ||     2
       Scroll            ||     1
 Stab: Sleeping          ||     4
Armor: Robe              ||     7
Dodge: Dodged            ||    38
Block: Other             ||    10
       Rpst.: Falchion   ||     5

Table legend:
 A = Non-vault XP
 B = Vault XP
 C = Vault XP percentage of total XP
 D = Non-vault monster count
 E = Vault monster count
 F = Vault count percentage of total count
                 A         B        C        D         E       F
            +---------+---------+-------+---------+---------+-------
      Total |      27 |       0 |   0.0 |      17 |       0 |   0.0
            +---------+---------+-------+---------+---------+-------
        D:1 |      25 |       0 |   0.0 |      15 |       0 |   0.0
        D:2 |       2 |       0 |   0.0 |       2 |       0 |   0.0
            +---------+---------+-------+---------+---------+-------
